 Dungeon Crawl Stone Soup version 0.29-a0-384-g6960b1960d (webtiles) character file.

Game seed: 6800506129639261255

17948 jimonade the Thaumaturge (level 12, -1/89 HPs)
             Began as a Djinni Fire Elementalist on May 7, 2022.
             Was a Priest of Makhleb.
             Killed by an exploding elephant (6 damage)
             ... ignited by their inner flame
             ... on level 3 of the Lair of Beasts.
             The game lasted 01:01:41 (18048 turns).

jimonade the Thaumaturge (DjFE)                    Turns: 18048, Time: 01:01:43

Health: -1/89      AC: 11    Str: 17    XL:     12   Next: 89%
Gold:   517        EV: 11    Int: 18    God:    Makhleb [***...] SH:  0 Dex: 20

rFire   + + +      SeeInvis .   X - +3 scimitar
rCold   x . .      Faith    .   (no shield)
rNeg    . . .      Spirit   .   f - +0 ring mail {rF+}
rPois   ∞          Reflect  .   a - +0 helmet of Essaule {rElec rPois}
rElec   +          Harm     .   W - +0 cloak
rCorr   .          Rampage  .   I - +1 pair of gloves
Will    +....                   (boots unavailable)
Stlth   ++........              (no amulet)
HPRegen 0.24/turn               F - +6 ring of strength
MPRegen 0.00/turn               i - +6 ring of dexterity

@: flying
A: sickness immunity, fire resistance 2, cold vulnerability 1, float, innate
caster, HP casting, extra vitality 1
a: Renounce Religion, Minor Destruction, Lesser Servant of Makhleb


You were on level 3 of the Lair of Beasts.
You worshipped Makhleb.
Makhleb was most pleased with you.
You visited 3 branches of the dungeon, and saw 13 of its levels.

You collected 571 gold pieces.
You spent 54 gold pieces at shops.

Inventory:

Hand Weapons
 s - a +2 double sword of holy wrath
 E - a +2 dagger of draining
 M - a +0 hand crossbow of flaming
 R - a +0 trident
 X - a +3 scimitar (weapon)
 Z - a +2 morningstar of freezing
Missiles
 u - a curare-tipped dart
 v - 17 poisoned darts
 A - 2 throwing nets
 Y - 5 atropa-tipped darts
Armour
 a - the +0 helmet of Essaule (worn) {rElec rPois}
   (You found it on level 2 of the Lair of Beasts)

   rElec:     It insulates you from electricity.
   rPois:     It protects you from poison.
 f - a +0 ring mail of fire resistance (worn)
 w - a +0 kite shield
 y - a +2 pair of gloves of stealth
 z - a +1 ring mail of poison resistance
 B - a +0 chain mail
 I - a +1 pair of gloves (worn)
 S - a +0 plate armour
 U - a +1 robe of willpower
 W - a +0 cloak (worn)
Magical Staves
 D - a staff of cold
Jewellery
 i - a +6 ring of dexterity (right hand)
 m - a ring of protection from cold
 t - a ring of see invisible
 F - a +6 ring of strength (left hand)
 L - a +6 ring of strength
 N - a ring of protection from cold
 P - a ring of ice
Wands
 c - a wand of digging (2)
 d - a wand of charming (4)
 j - a wand of acid (13)
 G - a wand of iceblast (6)
Scrolls
 h - 2 scrolls of fog
 o - 5 scrolls of teleportation
 p - a scroll of poison
 q - 4 scrolls of immolation
 r - 2 scrolls of summoning
 C - 4 scrolls of enchant armour
 H - 2 scrolls of magic mapping
 K - 4 scrolls of silence
Potions
 b - a potion of cancellation {unknown}
 e - a potion of experience {unknown}
 g - 4 potions of resistance
 k - a potion of heal wounds
 l - 4 potions of attraction
 n - 3 potions of might
 x - 7 potions of curing
 J - 2 potions of haste
 O - a potion of magic {unknown}
 Q - a potion of flight {unknown}
 T - 2 potions of brilliance
 V - 2 potions of lignification


   Skills:
 * Level 9.3 Fighting
 + Level 5.9 Armour
 - Level 2.1 Dodging
 - Level 1.5 Stealth
 + Level 13.3 Spellcasting


You had 11 spell levels left.
You knew the following spells:

 Your Spells              Type           Power      Damage    Failure   Level
a - Foxfire               Conj/Fire      100%       2x1d9     1%          1
b - Scorch                Fire           100%       2d10      1%          2
c - Conjure Flame         Conj/Fire      57%        6-21      1%          3
d - Inner Flame           Hex/Fire       57%        N/A       1%          3
e - Flame Wave            Conj/Fire      57%        2d11      1%          4
f - Slow                  Hex            100%       N/A       1%          1
g - Searing Ray           Conj           100%       2d8       1%          2
h - Ozocubu's Armour      Ice            57%        N/A       1%          3
i - Portal Projectile     Hex/Tloc       100%       N/A       1%          3
j - Dispel Undead         Necr           57%        3d20      1%          4
Your spell library was empty.

Dungeon Overview and Level Annotations

Branches:
Dungeon (9/15)             Temple (1/1) D:6            Lair (3/6) D:9
  Swamp (0/4) Lair:2       Spider (0/4) Lair:2
    Orc: D:9-12

Altars:
Ashenzari
Cheibriados
Dithmenos
Elyvilon
Fedhas
Gozag
Hepliaklqana
Kikubaaqudgha
Makhleb
Nemelex Xobeh
Okawaru
Qazlal
Ru
Sif Muna
Uskayaw
Vehumet
Wu Jian
Xom
Yredelemnul
Zin
The Shining One
Beogh

Shops:
D:4 *   D:5 [

Annotations:
D:5 3 runed translucent doors, exclusion: downstairs, CowFu's ghost, novice DsFi


Innate Abilities, Weirdness & Mutations

You are immune to sickness and miasma.
You are immune to poison.
Your flesh is very heat resistant. (rF++)
You are vulnerable to cold. (rC-)
You float through the air rather than walking.
You learn spells naturally, not from books.
Your magical power is your life essence.
You have superior vitality. (+4 MHP)


Message History

Confirm with . or Enter, or press ? or * to list all spells.
Aiming: Inner Flame (safe; 1% risk of failure)
Press: ? - help, Dir - move target, f/p - elephant
Aim: an elephant (moderately wounded, chance to affect: 75%)
The elephant is filled with an intense inner flame!
Casting: Inner Flame (safe; 1% risk of failure)
Confirm with . or Enter, or press ? or * to list all spells.
Flames lash the elephant.
Flame seeps out of the elephant.
The elephant is heavily wounded.
The elephant's fire resistance burns away.
The elephant is engulfed in blazing flames.
Flame seeps out of the elephant.
The elephant closely misses you. The elephant trunk-slaps you.
A yak comes into view.
Casting: Scorch (safe; 1% risk of failure)
Confirm with . or Enter, or press ? or * to list all spells.
Flames lash the elephant.
Flame seeps out of the elephant.
The elephant is moderately wounded.
The elephant's fire resistance burns away.
The elephant is engulfed in blazing flames.
Flame seeps out of the elephant.
The elephant barely misses you. The elephant closely misses you.
The elephant is engulfed in blazing flames.
Flame seeps out of the elephant.
The elephant tramples you!
* * * LOW HITPOINT WARNING * * *
You are shoved backwards!
Casting: Scorch (safe; 1% risk of failure)
Confirm with . or Enter, or press ? or * to list all spells.
Flames lash the elephant.
The elephant is burned terribly!
Makhleb accepts your kill.
* * * LOW HITPOINT WARNING * * *
The elephant explodes!
The fiery explosion engulfs the elephant!!!
The elephant is burned terribly!
Makhleb accepts your kill. The fiery explosion engulfs you! You resist.
* * * LOW HITPOINT WARNING * * *
The elephant explodes!
The fiery explosion engulfs you. You resist.
You die...

### ### ## ## ##
##### .####..
.###≈ #.#.#####
...(!.
≈≈≈≈≈#####....P#.
.....
≈≈≈≈≈P##........
...#
###≈≈≈≈...#?##.#
..P##
###§###≈≈§...###.#
....#
##@§§§§#≈≈≈.###
### ....#
#≈§§§§§≈≈Y≈...###
..#..#
##§§○§○#†≈≈.......
###
###§###≈≈≈..#..##
# ###≈≈≈≈....### #
≈≈≈≈.....## #
≈≈l≈≈...##...
#≈##....# #..# #
....## ...#


You could see a yak.

Vanquished Creatures
  A two-headed ogre (D:9)
  3 death yaks (Lair:3)
  Nergalle (Lair:1)
  A lindwurm (Lair:2)
  Maurice (D:8)
  5 elephants (Lair:3)
  A black mamba (Lair:3)
  A torpor snail (Lair:2)
  4 cane toads
  2 rime drakes (Lair:2)
  5 komodo dragons
  A troll (D:9)
  A hornet (D:9)
  19 yaks
  A wraith (D:9)
  A shadow (D:6)
  2 wyverns
  2 swamp worms (Lair:3)
  11 water moccasins
  A swamp drake (Lair:2)
  A black bear (D:8)
  2 sky beasts (D:6)
  5 orc warriors
  2 centaurs
  2 ogres
  2 phantoms (D:5)
  2 kobold brigands
  A necrophage (D:4)
  A gnoll sergeant (D:9)
  3 bullfrogs
  3 scorpions
  A water moccasin zombie (D:6)
  9 wights (D:8)
  9 killer bees (D:9)
  2 electric eels (Lair:2)
  3 howler monkeys
  2 bullfrog zombies (D:6)
  A centaur zombie (D:6)
  5 orc priests
  4 hounds
  4 jellies
  A gnoll shaman (D:4)
  A centaur skeleton (D:6)
  7 hell rats (Lair:2)
  5 iguanas
  Natasha (twice) (D:4)
  12 orc wizards
  A statue (D:9)
  2 killer bee zombies (D:6)
  14 adders
  7 gnolls
  3 white imps
  2 ufetubi
  39 orcs
  4 bats
  8 endoplasms
  3 giant cockroaches
  12 goblins
  7 hobgoblins
  8 jackals
  13 kobolds
  2 quokkas
  7 ball pythons
  4 frilled lizards
  4 rats
296 creatures vanquished.

Vanquished Creatures (others)
  593 foxfires
  6 fungi (Lair:3)
  55 plants
  3 withered plants (D:6)
657 creatures vanquished.

Grand Total: 953 creatures vanquished

Notes
Turn   | Place    | Note
-------+----------+-------------------------------------------
     0 | D:1      | jimonade the Djinni Fire Elementalist began the quest for
                  | the Orb.
     0 | D:1      | Reached XP level 1. HP: 15/15 MP: 0/0
   222 | D:1      | Reached XP level 2. HP: 11/22 MP: 0/0
   948 | D:1      | Reached skill level 3 in Spellcasting
   952 | D:1      | Reached XP level 3. HP: 20/26 MP: 0/0
   952 | D:1      | Learned a level 1 spell: Slow
  1212 | D:1      | Reached skill level 1 in Fighting
  1914 | D:2      | Reached XP level 4. HP: 27/32 MP: 0/0
  2631 | D:3      | Found the ring of the Tortoise {AC+8}
  2660 | D:3      | Found a faded altar of an unknown god.
  3083 | D:3      | Reached XP level 5. HP: 34/38 MP: 0/0
  3083 | D:3      | Learned a level 2 spell: Searing Ray
  3213 | D:3      | Reached skill level 4 in Spellcasting
  3474 | D:4      | Found Nafil's General Store.
  3481 | D:4      | Noticed an ogre
  3563 | D:4      | Reached XP level 6. HP: 38/43 MP: 0/0
  4499 | D:4      | Reached skill level 5 in Spellcasting
  4568 | D:4      | Noticed Natasha
  4573 | D:4      | Killed Natasha
  4790 | D:4      | Killed an ogre
  4791 | D:4      | Reached XP level 7. HP: 47/49 MP: 0/0
  4791 | D:4      | Learned a level 3 spell: Ozocubu's Armour
  5286 | D:4      | Noticed Natasha
  5294 | D:4      | Killed Natasha
  5724 | D:5      | Entered Level 5 of the Dungeon
  5914 | D:5      | Reached skill level 1 in Armour
  5958 | D:5      | Reached skill level 6 in Spellcasting
  5958 | D:5      | Reached XP level 8. HP: 54/56 MP: 0/0
  6474 | D:5      | Found Taymaaxe's Armour Shop.
  6480 | D:5      | Bought a +0 pair of gloves for 54 gold pieces
  6692 | D:5      | Found a runed translucent gate.
  6695 | D:5      | Found a runed translucent gate.
  6696 | D:5      | Found a runed translucent gate.
  6710 | D:5      | Noticed CowFu's ghost (novice DsFi)
  6712 | D:5      | Identified the +7 spear "Tera" {drain, rC+ Dex+5}
  6712 | D:5      | Identified the +1 scale mail of the Imp {rN+ rCorr SInv
                  | Stlth+}
  6714 | D:5      | Found the +7 staff of the Meek {protect, meekguard}
  7573 | D:6      | Noticed a shadow
  7669 | D:6      | Reached skill level 7 in Spellcasting
  7745 | D:6      | Reached XP level 9. HP: 51/63 MP: 0/0
  7745 | D:6      | Learned a level 3 spell: Portal Projectile
  7811 | D:6      | Found a staircase to the Ecumenical Temple.
  7822 | Temple   | Entered the Ecumenical Temple
  7942 | Temple   | Became a worshipper of Makhleb the Destroyer
  8370 | D:6      | Reached skill level 5 in Fighting
  8550 | D:6      | Reached skill level 8 in Spellcasting
  9170 | D:7      | Found a shadowy altar of Dithmenos.
  9637 | D:7      | Reached * piety under Makhleb
 10276 | D:8      | Reached XP level 10. HP: 61/72 MP: 0/0
 10357 | D:8      | Noticed Maurice
 10367 | D:8      | Reached skill level 9 in Spellcasting
 10548 | D:8      | Killed Maurice
 12093 | D:9      | Reached ** piety under Makhleb
 12094 | D:9      | Reached skill level 10 in Spellcasting
 12149 | D:9      | Noticed a two-headed ogre
 12155 | D:9      | Killed a two-headed ogre
 12505 | D:9      | Reached XP level 11. HP: 64/79 MP: 0/0
 12505 | D:9      | Learned a level 4 spell: Dispel Undead
 13902 | D:9      | Found a shimmering altar of Xom.
 14008 | D:9      | Reached skill level 11 in Spellcasting
 14065 | D:9      | Found a staircase to the Lair.
 14114 | Lair:1   | Entered Level 1 of the Lair of Beasts
 14139 | Lair:1   | Noticed Nergalle
 14246 | Lair:1   | Killed Nergalle
 15386 | Lair:2   | Noticed a lindwurm
 15699 | Lair:2   | Identified the +0 helmet of Essaule {rElec rPois}
 15770 | Lair:2   | Found a staircase to the Swamp.
 15856 | Lair:2   | Killed a lindwurm
 15857 | Lair:2   | Reached skill level 5 in Armour
 16017 | Lair:2   | Reached skill level 12 in Spellcasting
 16155 | Lair:2   | Reached XP level 12. HP: 58/88 MP: 0/0
 16502 | Lair:2   | Reached *** piety under Makhleb
 16885 | Lair:2   | Found a hole to the Spider Nest.
 18016 | Lair:3   | Noticed a death yak
 18017 | Lair:3   | Reached skill level 13 in Spellcasting
 18022 | Lair:3   | Noticed a death yak
 18022 | Lair:3   | Noticed a death yak
 18033 | Lair:3   | Killed a death yak
 18033 | Lair:3   | Killed a death yak
 18033 | Lair:3   | Killed a death yak
 18048 | Lair:3   | Killed by an exploding elephant... ignited by their inner
                  | flame

Illustrated notes

Levels and vault maps discovered:
D:1:      mrwooster_arrival_statue_2, layout_loops_ring
D:2:      layout_loops_ring
D:3:      layout_basic, basic_ecumenical_altar, chequers_serial_rivers_room_a,
          item_on_display_a
D:4:      layout_loops_corners, serial_shops, nicolae_shop_advertising_works
          [nicolae_subvault_shop_adworks], kennysheep_generic_room_11,
          uniq_natasha
D:5:      layout_basic, serial_shops, nicolae_shop_statue_plus,
          biasface_ghost_orc_armoury
D:6:      layout_basic, minmay_temple_entry_drinking_statues, serial_undead,
          serial_undead_f, serial_undead_b, serial_undead_c, serial_undead_e,
          grunt_ministairs_10
D:7:      layout_basic, lemuel_tele_altar, kennysheep_diamond
D:8:      layout_basic, uniq_maurice
D:9:      layout_rooms, pf_just_have_faith, vehumet_statue, david_lair_shrubbed
Temple:   mainiacjoe_temple_coin_purse
Lair:1:   layout_loops_ring, serial_rivers, chequers_serial_rivers_large_b,
          chequers_serial_rivers_room_a, chequers_serial_rivers_small_3,
          chequers_serial_rivers_small_3, chequers_serial_rivers_small_a,
          chequers_serial_rivers_micro_e, chequers_serial_rivers_small_a,
          uniq_nergalle
Lair:2:   layout_long_grid, minmay_swamp_entry_eels, dummy_spider_entry,
          minivault_11, hibernation_bobbens
Lair:3:   dreamdust_cave_troll, layout_layer_cave, worms_lemuel

Skill      XL: |  1  2  3  4  5  6  7  8  9 10 11 12 |
---------------+-------------------------------------+-----
Spellcasting   | 3 4 5 6 7 8 10 12 13 | 13.3
Fighting       | 1 2 3 4 5 7 8 9 |  9.3
Armour         | 1 2 3 4 5 |  5.9
Dodging        | |  2.1
Stealth        | |  1.5

Action                   |  1- 3 |  4- 6 |  7- 9 | 10-12 || total
-------------------------+-------+-------+-------+-------++-------
Melee: Spear             |    49 |       |       |       ||    49
       Punch             |     1 |       |       |       ||     1
       Double sword      |       |     2 |    15 |     1 ||    18
 Cast: Foxfire           |    36 |    75 |   102 |   152 ||   365
       Scorch            |     6 |    23 |    95 |   140 ||   264
       Inner Flame       |       |     4 |     6 |   126 ||   136
       Flame Wave        |       |       |       |     1 ||     1
  Use: Scroll            |       |       |    13 |     7 ||    20
       Potion            |       |       |       |     1 ||     1
 Stab: Sleeping          |     1 |       |     4 |       ||     5
Armor: Robe              |    12 |     3 |       |       ||    15
       Leather armour    |       |       |    23 |     1 ||    24
       Ring mail         |       |       |       |    16 ||    16
       Chain mail        |       |       |       |     3 ||     3
Dodge: Dodged            |    25 |    16 |    41 |    40 ||   122

Table legend: (Time is in decaauts)
 A = Elapsed time spent in this place.
 B = Non-inter-level travel time spent in this place.
 C = Inter-level travel time spent in this place.
 D = Time resting spent in this place.
 E = Time spent auto-exploring this place.
 F = Levels seen in this place.
 G = Mean time per level.
                   A        B        C        D        E       F      G
               +--------+--------+--------+--------+--------+-----+--------+
         Total |  18079 |  17542 |    537 |   5147 |   8649 |  13 | 1390.7 |
       Dungeon |  14421 |  13998 |    423 |   4278 |   6911 |   9 | 1602.3 |
        Temple |    129 |    100 |     29 |      0 |     86 |   1 |  129.0 |
          Lair |   3528 |   3443 |     85 |    869 |   1652 |   3 | 1176.0 |
               +--------+--------+--------+--------+--------+-----+--------+

Top non-repeatable levels by time:
     D:9: 2249 daAuts
  Lair:2: 1894 daAuts
     D:7: 1876 daAuts
     D:5: 1864 daAuts
     D:4: 1608 daAuts
     D:3: 1596 daAuts
     D:1: 1440 daAuts
     D:6: 1417 daAuts
     D:8: 1282 daAuts
  Lair:1: 1225 daAuts
     D:2: 1085 daAuts
  Lair:3: 408 daAuts
  Temple: 129 daAuts
